 Dungeon Crawl Stone Soup version 0.31-a0-1074-g0b22e4e0f1 (webtiles) character file.

Game seed: 8352860504425270675

1295 IdlyInterested the Changeling (level 8, -1/58 HPs)
             Began as a Demonspawn Shapeshifter on Dec 6, 2023.
             Slain by an orc warrior
             ... wielding a +0 long sword
              (11 damage)
             ... on level 6 of the Dungeon.
             The game lasted 00:14:29 (5055 turns).

IdlyInterested the Changeling (DsSh)                Turns: 5055, Time: 00:14:30

Health: -1/58      AC:  0    Str: 23    XL:     8   Next: 30%
Magic:  8/8        EV: 13    Int: 11    God:
Gold:   28         SH:  6    Dex: 18    Spells: 7/7 levels left

rFire   . . .        t - +8 flail of Jeasutus {freeze, Str+3}
rCold   + . .        F - +2 buckler
rNeg    . . .        (no body armour)
rPois   .            (helmet currently unavailable)
rElec   .            s - melded scarf {shadows}
rCorr   .            (gloves currently unavailable)
SInv    .            o - melded +1 pair of boots
Will    .....        (no amulet)
Stlth   +++          m - ring of protection from cold
HPRegen 0.29/turn    b - +6 ring of strength
MPRegen 0.11/turn

%: no passive effects
@: mighty, beast-form
A: beast (slay +3), horns 1, thin skeletal structure 1, foul stench 1, powered
by pain 1
a: Begin Untransformation


You were on level 6 of the Dungeon.
You were a hulking beast.
You visited 2 branches of the dungeon, and saw 7 of its levels.

You collected 154 gold pieces.
You spent 126 gold pieces at shops.

Inventory:

Hand Weapons
 i - a +0 short sword
 t - the +8 flail of Jeasutus (weapon) {freeze, Str+3}
   (You found it on level 3 of the Dungeon)

   Str+3:     It affects your strength (+3).
 w - a +3 dagger of speed
 y - the +5 hand axe "Rakeefami" {heavy, Str+2}
   (You found it on level 4 of the Dungeon)

   Str+2:     It affects your strength (+2).
Missiles
 l - 72 stones (quivered)
 x - a boomerang
Armour
 h - the +0 chain mail "Yrhypaf" {rPois Str-3 Int+4}
   (You took it off an orc on level 5 of the Dungeon)

   Str-3:     It affects your strength (-3).
   Int+4:     It affects your intelligence (+4).
   rPois:     It protects you from poison
 o - a +1 pair of boots (melded)
 s - a scarf of shadows (melded)
 B - a +0 chain mail
 F - a +2 buckler (worn)
Jewellery
 b - a +6 ring of strength (right hand)
 m - a ring of protection from cold (left hand)
 n - a ring of fire
Talismans
 c - a beast talisman (active)
 d - a flux talisman
Wands
 k - a wand of iceblast (6)
 G - a wand of mindburst (10)
Scrolls
 a - a scroll of blinking
 e - a scroll of amnesia
 f - a scroll of fog
 p - 2 scrolls of enchant weapon
 r - a scroll of immolation
 u - a scroll of poison
 A - 2 scrolls of fear
 C - a scroll of brand weapon
Potions
 g - 2 potions of haste
 j - a potion of curing
 q - 2 potions of magic
 v - a potion of brilliance
 z - a potion of enlightenment
 E - a potion of resistance {unknown}


   Skills:
 - Level 3.0 Fighting
 - Level 1.0 Throwing
 - Level 1.0 Armour
 - Level 3.0 Dodging
 - Level 1.0 Stealth
 + Level 0.0 Shields
 + Level 4.8 Unarmed Combat
 - Level 1.0 Evocations
 * Level 6.9 Shapeshifting


You had 7 spell levels left.
You didn't know any spells.
Your spell library contained the following spells:

 Spells                   Type           Power      Damage    Failure   Level
 Sandblast                Erth           0%         2d4       41%         1
 Slow                     Hex            0%         N/A       41%         1
 Passwall                 Tmut/Erth      0%         N/A       54%         2
 Confusing Touch          Hex            0%         N/A       78%         3
 Sigil of Binding         Hex            0%         N/A       78%         3
 Stone Arrow              Conj/Erth      0%         3d7       78%         3
 Tukima's Dance           Hex            0%         N/A       78%         3
 Vampiric Draining        Necr           0%         2d6       78%         3
 Brom's Barrelling Bould  Conj/Erth      0%         2d3       99%         4
 Passage of Golubria      Tloc           0%         N/A       99%         4
 Yara's Violent Unravell  Hex/Tmut       0%         3d3       100%        5


Dungeon Overview and Level Annotations

Branches:
Dungeon (6/15)             Temple (1/1) D:5

Altars:
Ashenzari
Dithmenos
Fedhas
Gozag
Hepliaklqana
Nemelex Xobeh
Qazlal
Ru
Trog
Uskayaw
Vehumet
Wu Jian
Xom
Yredelemnul

Shops:
D:1 ?


Innate Abilities, Weirdness & Mutations

You are a hulking beast.
Your limbs bulge with bestial killing power. (Slay +3)
You have a pair of small horns on your head.
You have a somewhat thin skeletal structure. (Dex +2, Stealth+)
You may rarely emit foul miasma when damaged in melee.
You sometimes gain a little power by taking damage.


Message History

There is an open door here.
Found a dagger.
A scorpion comes into view.
Found a scroll of enchant weapon.
Found a ring mail.
A steam dragon and an orc warrior come into view.
An orc comes into view. It is wielding a +0 dagger.
The steam dragon hisses angrily.
The orc shouts!
The scorpion completely misses you.
The orc warrior shouts!
You sock the scorpion! You freeze the scorpion.
You kill the scorpion!
A hound comes into view.
A scorpion comes into view.
You block the steam dragon's attack. The steam dragon claws you.
You closely miss the steam dragon. Your headbutt misses the steam dragon.
The steam dragon bites you! The steam dragon misses you.
The steam dragon barely misses you. You block the steam dragon's attack.
You thump the steam dragon! You freeze the steam dragon.
You headbutt the steam dragon.
The steam dragon is severely wounded.
An ogre comes into view. It is wielding a +0 giant club.
You block the steam dragon's attack. The steam dragon misses you.
You sock the steam dragon! You freeze the steam dragon.
You kill the steam dragon!
The steam dragon scales are intact enough to wear.
Training target 1.0 for Evocations reached!
Your Evocations skill increases to level 1!
The orc warrior hits you with a +0 long sword!
You sock the ogre! You freeze the ogre.
The ogre is severely wounded.
The orc warrior hits you with a +0 long sword!
You emit a cloud of foul miasma!
The ogre hits you with a +0 giant club!
* * * LOW HITPOINT WARNING * * *
You focus on the pain.
You feel very mighty all of a sudden.
The orc warrior is engulfed in dark miasma.
The orc warrior is poisoned.
The orc warrior attacks as it pursues you!
The orc warrior hits you with a +0 long sword!
You die...

## .# ### ##### . ..###
#.... # #. #...# #.###
#.###.####.#.# #####'###
...........#.# #........
.#.##.###h##.#.###........
......[Oo.................
.#.#.##○#s##..............
...o.##..............
.?.#.#...........<.....
#.[....#.##........##....
.....#...##........##.)..
##.# #.#.##........+ ....
.. ..#...........# ....


You could see an orc warrior (poisoned), an ogre, a scorpion and an orc.

Vanquished Creatures
  Sigmund (D:2)
  Menkaure (D:5)
  A steam dragon (D:6)
  2 black bears (D:5)
  2 scorpions
  4 hounds
  3 jellies
  2 orc priests
  Jessica (D:2)
  2 iguanas
  An orc wizard (D:4)
  Natasha (thrice) (D:2)
  5 gnolls
  3 adders
  3 worms
  A dart slug (D:4)
  7 orcs
  8 ball pythons
  7 bats
  7 endoplasms
  3 giant cockroaches (D:1)
  9 goblins
  6 hobgoblins
  4 frilled lizards
  6 kobolds
  4 rats (D:1)
96 creatures vanquished.

Notes
Turn   | Place    | Note
-------+----------+-------------------------------------------
     0 | D:1      | IdlyInterested the Demonspawn Shapeshifter began the quest
                  | for the Orb.
     0 | D:1      | Reached XP level 1. HP: 15/15 MP: 1/1
   139 | D:1      | Reached skill level 3 in Shapeshifting
   162 | D:1      | Gained mutation: You may rarely emit foul miasma when
                  | damaged in melee. [demonic ancestry]
   162 | D:1      | Reached XP level 2. HP: 14/21 MP: 2/2
   624 | D:1      | Found Faustrut's Magic Scroll Shoppe.
  1029 | D:2      | Noticed Sigmund
  1044 | D:2      | Killed Sigmund
  1045 | D:2      | Reached skill level 4 in Shapeshifting
  1045 | D:2      | Gained mutation: You have a pair of small horns on your
                  | head. [demonic ancestry]
  1045 | D:2      | Reached XP level 3. HP: 28/28 MP: 3/3
  1045 | D:2      | Gained mutation: You sometimes gain a little power by
                  | taking damage. [demonic ancestry]
  1045 | D:2      | Reached XP level 4. HP: 34/34 MP: 4/4
  1045 | D:2      | Reached XP level 5. HP: 39/39 MP: 5/5
  1183 | D:2      | Noticed Natasha
  1188 | D:2      | Killed Natasha
  1220 | D:2      | Noticed Jessica
  1231 | D:2      | Killed Jessica
  1507 | D:2      | Noticed Natasha
  1514 | D:2      | Killed Natasha
  1771 | D:2      | Noticed Natasha
  1778 | D:2      | Killed Natasha
  1779 | D:2      | Reached XP level 6. HP: 41/47 MP: 6/6
  1926 | D:3      | Found a faded altar of an unknown god.
  2270 | D:3      | Identified the +8 flail of Jeasutus {freeze, Str+3}
  2702 | D:3      | Reached skill level 5 in Shapeshifting
  3056 | D:4      | Identified the +5 hand axe "Rakeefami" {heavy, Str+2}
  3656 | D:4      | Reached XP level 7. HP: 42/52 MP: 7/7
  3903 | D:1      | Bought a scroll of brand weapon for 104 gold pieces
  3903 | D:1      | Bought a scroll of identify for 22 gold pieces
  4036 | D:5      | Entered Level 5 of the Dungeon
  4087 | D:5      | Identified the +0 chain mail "Yrhypaf" {rPois Str-3 Int+4}
  4088 | D:5      | Reached skill level 1 in Throwing
  4267 | D:5      | Reached skill level 6 in Shapeshifting
  4269 | D:5      | Reached skill level 1 in Armour
  4323 | D:5      | Noticed Menkaure
  4330 | D:5      | Killed Menkaure
  4331 | D:5      | Reached skill level 1 in Stealth
  4331 | D:5      | Gained mutation: You have a somewhat thin skeletal
                  | structure. (Dex +2, Stealth+) [demonic ancestry]
  4331 | D:5      | Reached XP level 8. HP: 52/58 MP: 8/8
  4439 | D:5      | Found a staircase to the Ecumenical Temple.
  4533 | Temple   | Entered the Ecumenical Temple
  5053 | D:6      | Reached skill level 1 in Evocations
  5055 | D:6      | Slain by an orc warrior

Illustrated notes

Levels and vault maps discovered:
D:1:      ncdulo_halloftheorcs, layout_loops_ring, serial_shops, shop,
          st_stairs_1
D:2:      layout_basic, serial_bayou_pond_b, uniq_sigmund, uniq_natasha,
          uniq_jessica
D:3:      minmay_angry_zag, layout_loops_corners,
          hellmonk_ecumenical_altar_lost_god, serial_bayou,
          serial_bayou_crossing, serial_bayou_pond_c, serial_bayou_shore_b,
          serial_bayou_pond_e, grunt_ministairs_11
D:4:      layout_basic, minmay_misc_feat_four_crosses
D:5:      layout_cave_pools, minmay_temple_entry_fiery, uniq_menkaure
D:6:      layout_basic, gup_sewer_entry_bowl, minmay_diced_spiral,
          uniq_eustachio
Temple:   regret_index_temple_waves

Skill      XL: |  1  2  3  4  5  6  7  8 |
---------------+-------------------------+-----
Shapeshifting  | 3 4 5 6 |  6.9
Unarmed Combat | 3 4 |  4.8
Fighting       | 2 3 |  3.0
Dodging        | 2 3 |  3.0
Throwing       | 1 |  1.0
Armour         | 1 |  1.0
Stealth        | 1 |  1.0
Evocations     | 1 |  1.0

Action                     |  1- 3 |  4- 6 |  7- 9 || total
---------------------------+-------+-------+-------++-------
  Melee: Unarmed           |    72 |    65 |       ||   137
         Punch             |     1 |     3 |     3 ||     7
         Headbutt          |       |    19 |    13 ||    32
         Flail             |       |    39 |    47 ||    86
    Use: Potion            |     1 |       |       ||     1
         Scroll            |       |       |    13 ||    13
   Stab: Sleeping          |       |       |     1 ||     1
 Armour: Animal skin       |    38 |       |       ||    38
         Skin              |     4 |       |     6 ||    10
         Ring mail         |       |    45 |       ||    45
         Scale mail        |       |    16 |       ||    16
         Chain mail        |       |     8 |    53 ||    61
  Dodge: Dodged            |    49 |    63 |    21 ||   133
  Block: Buckler           |       |       |     5 ||     5
   Form: Beast             |       |     2 |       ||     2
         Flux              |       |     2 |       ||     2

Table legend: (Time is in decaauts)
 A = Elapsed time spent in this place.
 B = Non-inter-level travel time spent in this place.
 C = Inter-level travel time spent in this place.
 D = Time resting spent in this place.
 E = Time spent auto-exploring this place.
 F = Levels seen in this place.
 G = Mean time per level.
                   A        B        C        D        E       F      G
               +--------+--------+--------+--------+--------+-----+--------+
         Total |   5108 |   4611 |    497 |    500 |   3094 |   7 |  729.7 |
       Dungeon |   5107 |   4610 |    497 |    500 |   3094 |   6 |  851.2 |
        Temple |      1 |      1 |      0 |      0 |      0 |   1 |    1.0 |
               +--------+--------+--------+--------+--------+-----+--------+

Top non-repeatable levels by time:
     D:3: 1215 daAuts
     D:1: 1027 daAuts
     D:4: 942 daAuts
     D:2: 899 daAuts
     D:5: 711 daAuts
     D:6: 310 daAuts
  Temple: 1 daAuts
